 Dungeon Crawl Stone Soup version 0.30.0-17-ge0270778cf (webtiles) character file.

Game seed: 3264679684241594340

404 Daunt the Chopper (level 6, -8/56 HPs)
             Began as a Hill Orc Hunter on May 21, 2023.
             Mangled by an ogre
             ... wielding a +0 giant club
              (17 damage)
             ... on level 4 of the Dungeon.
             The game lasted 00:07:29 (2689 turns).

Daunt the Chopper (Hill Orc Hunter)                 Turns: 2689, Time: 00:07:29

Health: -8/56      AC: 11    Str: 16    XL:     6   Next: 86%
Magic:  6/6        EV:  9    Int:  9    God:
Gold:   323        SH:  0    Dex: 17    Spells: 5/5 levels left

rFire   . . .        a - +1 war axe of Bequeathed Defiance {freeze, rElec Dex+3}
rCold   . . .        (no shield)
rNeg    . . .        y - +0 plate armour
rPois   .            s - +0 helmet
rElec   +            (no cloak)
rCorr   .            (no gloves)
SInv    .            (no boots)
Will    .....        (no amulet) Stlth
                     j - +5 ring of evasion
HPRegen 0.29/turn    (no ring)
MPRegen 0.10/turn

%: no passive effects
@: no status effects
A: no striking features
a: no special abilities


You were on level 4 of the Dungeon.
You visited 1 branch of the dungeon, and saw 4 of its levels.

You collected 323 gold pieces.

Inventory:

Hand Weapons
 a - the +1 war axe of Bequeathed Defiance (weapon) {freeze, rElec Dex+3}
   (You found it on level 3 of the Dungeon)

   Dex:       It affects your dexterity (+3).
   rElec:     It insulates you from electricity.
 x - a +0 shortbow
Missiles
 c - 6 boomerangs
 e - 43 stones
 q - 5 curare-tipped darts
 t - 19 poisoned darts (quivered)
Armour
 s - a +0 helmet (worn)
 u - a +0 chain mail
 y - a +0 plate armour (worn)
Jewellery
 j - a +5 ring of evasion (left hand)
Scrolls
 b - a scroll of immolation
 d - 6 scrolls of identify {unknown}
 g - a scroll of magic mapping {unknown}
 h - a scroll of poison {unknown}
 k - a scroll of teleportation {unknown}
 l - a scroll of enchant armour {unknown}
 m - a scroll of blinking {unknown}
 r - 2 scrolls of amnesia {unknown}
 w - a scroll of torment {unknown}
 B - a scroll of fog {unknown}
Potions
 f - a potion of cancellation
 i - 2 potions of heal wounds {unknown}
 n - a potion of mutation {unknown}
 o - 2 potions of brilliance {unknown}
 p - 3 potions of might {unknown}
 v - 2 potions of attraction {unknown}
 z - a potion of berserk rage {unknown}
 A - a potion of haste


   Skills:
 + Level 5.3 Fighting
 * Level 7.1 Axes
 - Level 3.6 Ranged Weapons
 + Level 0.0 Armour
 - Level 1.5 Dodging
 - Level 0.7 Stealth


You had 5 spell levels left.
You didn't know any spells.
Your spell library contained the following spells:

 Spells                   Type           Power      Damage    Failure   Level
 Cigotuvi's Dreadful Rot  Necr/Pois/Air  0%         N/A       100%        2
 Vhi's Electric Charge    Tloc/Air       0%         N/A       100%        3
 Dispel Undead            Necr           0%         3d6       100%        4
 Arcjolt                  Conj/Air       0%         1d10      100%        5
 Death Channel            Necr           0%         N/A       100%        6
 Maxwell's Capacitive Co  Air            0%         ∞         100%        8


Dungeon Overview and Level Annotations

Branches:
Dungeon (4/15)
 Temple: D:4-7

Altars:
Fedhas


Message History

A - a potion of haste You now have 323 gold pieces (gained 7).
t - 19 poisoned darts (gained 5)
Found a leather armour.
You see here a +0 leather armour.
Found a dagger.
You see here a +0 dagger.
There is a stone staircase leading up here.
B - a scroll labelled NAADENNITIST
There is a stone staircase leading down here.
There is a stone staircase leading down here.
There is a stone staircase leading up here.
You open the door.
There is an open door here.
e - 43 stones (gained 7)
An ogre comes into view. It is wielding a +0 giant club.
You barely miss the ogre. The ogre barely misses you.
You hit the ogre. You freeze the ogre.
The ogre is moderately wounded.
The ogre hits you with a +0 giant club!
You hit the ogre. You freeze the ogre.
The ogre is moderately wounded.
The ogre hits you with a +0 giant club.
You hit the ogre. You freeze the ogre.
The ogre is heavily wounded.
You hit the ogre. You freeze the ogre.
The ogre is heavily wounded.
The ogre hits you with a +0 giant club!!
You are too injured to fight recklessly!
You are too injured to fight recklessly!
Unknown command.
Unknown command.
You hit the ogre but do no damage.
The ogre is heavily wounded.
The ogre hits you with a +0 giant club!
* * * LOW HITPOINT WARNING * * *
You hit the ogre. You freeze the ogre.
The ogre is severely wounded.
The ogre hits you with a +0 giant club!
You die...

##.#.#'#####.#.#
..#......>.....
###.#.......#.#..
#.#.#.........#.#
#.#.........#.#.#
#.#.#.#+###......
#.#.#.....#.#.#..
###.#.###.#........
#.@.......#........
#O#...#####.....###
#.#.....# #.....# #
#.#####...#####.###
#. ...# #...# #.
..# ###.# #. .##
#.# ## # #.# ###'#


You could see an ogre.

Vanquished Creatures
  Sigmund (D:3)
  A kobold brigand (D:4)
  An orc wizard (D:3)
  8 adders
  3 worms
  2 dart slugs (D:1)
  4 orcs (D:3)
  6 ball pythons
  5 bats (D:1)
  9 endoplasms
  5 giant cockroaches
  6 goblins
  6 hobgoblins
  3 jackals (D:2)
  2 quokkas
  4 frilled lizards
  9 kobolds
  4 rats
79 creatures vanquished.

Notes
Turn   | Place    | Note
-------+----------+-------------------------------------------
     0 | D:1      | Daunt the Hill Orc Hunter began the quest for the Orb.
     0 | D:1      | Reached XP level 1. HP: 18/18 MP: 1/1
    52 | D:1      | Reached XP level 2. HP: 24/26 MP: 2/2
   297 | D:1      | Reached XP level 3. HP: 33/33 MP: 3/3
   624 | D:2      | Found a faded altar of an unknown god.
   825 | D:2      | Reached skill level 5 in Fighting
   825 | D:2      | Reached XP level 4. HP: 42/42 MP: 4/4
   929 | D:2      | Found a blossoming altar of Fedhas.
  1123 | D:3      | Noticed Sigmund
  1163 | D:3      | HP: 2/42 [something/magic dart (4)]
  1185 | D:3      | Killed Sigmund
  1186 | D:3      | Reached skill level 5 in Axes
  1186 | D:3      | Reached XP level 5. HP: 34/48 MP: 5/5
  1284 | D:3      | Reached XP level 6. HP: 31/56 MP: 6/6
  1627 | D:3      | Identified the +1 war axe of Bequeathed Defiance {freeze,
                  | rElec Dex+3}
  1714 | D:3      | Reached skill level 6 in Axes
  2011 | D:4      | Reached skill level 7 in Axes
  2689 | D:4      | Mangled by an ogre

Illustrated notes

Levels and vault maps discovered:
D:1:      amcnicky_arrival_choice, layout_basic, minmay_tromino_i2
D:2:      layout_rooms, basic_altar, ebering_ecumenical_altar_rust, st_stairs_9,
          chequers_serial_rivers_micro_c
D:3:      minmay_recursive_quarters, layout_basic, corexii_shack, uniq_sigmund
D:4:      layout_basic, uniq_menkaure

Skill      XL: |  1  2  3  4  5  6 |
---------------+-------------------+-----
Fighting       | 3 4 5 |  5.3
Axes           | 5 7 |  7.1
Ranged Weapons | |  3.6
Dodging        | |  1.5
Stealth        | |  0.7

Action                     |  1- 3 |  4- 6 || total
---------------------------+-------+-------++-------
  Melee: Hand axe          |       |    49 ||    49
         War axe           |       |    56 ||    56
         Punch             |       |     1 ||     1
   Fire: Shortbow          |   115 |    43 ||   158
  Throw: Dart              |       |     7 ||     7
    Use: Potion            |       |     3 ||     3
 Armour: Leather armour    |    10 |     1 ||    11
         Chain mail        |       |    30 ||    30
  Dodge: Dodged            |    33 |    80 ||   113
